 Dungeon Crawl Stone Soup version 0.31-a0-355-g57cb03d3e8 (webtiles) character file.

Game seed: 12015113850653193366

398 LeprechaunX the Ruffian (level 6, -5/37 (42) HPs)
             Began as an Octopode Shapeshifter on July 24, 2023.
             Was an Initiate of Hepliaklqana.
             Slain by a wight
             ... wielding a +0 halberd
              (6 damage)
             ... on level 5 of the Dungeon.
             The game lasted 00:03:40 (3156 turns).

LeprechaunX the Ruffian (Octopode Shapeshifter)     Turns: 3156, Time: 00:03:41

HP:   -5/37 (42)    AC:  1    Str: 17    XL:     6   Next: 83%
MP:   6/6           EV: 14    Int: 10    God:    Hepliaklqana [......]
Gold: 206           SH:  0    Dex: 12    Spells: 5/5 levels left

rFire   . .          .
                       - Unarmed
rCold   . . .        (no shield)
rNeg    . . .        (helmet currently unavailable)
rPois   .            (no amulet)
rElec   .            o - +4 ring of slaying
rCorr   .            (no ring)
SInv    .            (no ring)
Will    .....        (no ring)
Stlth   ++           (no ring)
HPRegen 0.26/turn    (no ring)
MPRegen 0.10/turn    (no ring)
                     (no ring)

%: no passive effects
@: beast-form, heavily drained
A: beast (slay +2), almost no armour, amphibious, 8 rings, camouflage 1,
gelatinous body 1, (nimble swimmer 1), tentacles
a: Begin Untransformation, Renounce Religion


You were on level 5 of the Dungeon.
You worshipped Hepliaklqana.
Hepliaklqana was noncommittal.
You were a hulking beast.
You visited 1 branch of the dungeon, and saw 5 of its levels.

You collected 206 gold pieces.

Inventory:

Missiles
 n - 6 javelins (quivered)
Jewellery
 o - a +4 ring of slaying (left tentacle)
Talismans
 b - a beast talisman
 l - a maw talisman
Wands
 w - a wand of paralysis (9)
Scrolls
 d - 4 scrolls of teleportation {unknown}
 e - 2 scrolls of immolation {unknown}
 h - a scroll of enchant weapon {unknown}
 p - a scroll of blinking {unknown}
 q - a scroll of fog {unknown}
 s - 2 scrolls of identify {unknown}
 t - a scroll of fear {unknown}
 u - a scroll of vulnerability {unknown}
Potions
 a - 2 potions of lignification
 c - 3 potions of heal wounds {unknown}
 f - 3 potions of degeneration {unknown}
 g - a potion of haste {unknown}
 i - a potion of enlightenment {unknown}
 j - 4 potions of curing {unknown}
 k - a potion of cancellation {unknown}
 m - a potion of resistance {unknown}
 r - a potion of attraction {unknown}
 v - 3 potions of might {unknown}
 x - a potion of berserk rage {unknown}


   Skills:
 + Level 3.1 Fighting
 + Level 3.4 Dodging
 * Level 5.2 Unarmed Combat
 + Level 3.9 Shapeshifting


You had 5 spell levels left.
You didn't know any spells.
Your spell library contained the following spells:

 Spells                   Type           Power      Damage    Failure   Level
 Gell's Gravitas          Tloc           0%         N/A       75%         3
 Inner Flame              Hex/Fire       0%         N/A       75%         3
 Teleport Other           Tloc           0%         N/A       75%         3
 Yara's Violent Unravell  Hex/Tmut       0%         3d3       100%        5
 Dispersal                Tloc           0%         N/A       100%        6
 Enfeeble                 Hex            0%         N/A       100%        7


Dungeon Overview and Level Annotations

Branches:
Dungeon (5/15)
 Temple: D:4-7

Altars:
Hepliaklqana
Zin

Shops:
D:2 =


Innate Abilities, Weirdness & Mutations

You are a hulking beast.
Your limbs bulge with bestial killing power. (Slay +2)
You cannot wear most types of armour.
You are amphibious.
You can wear up to eight rings at the same time.
Your skin changes colour to match your surroundings (Stealth+).
Your rubbery body absorbs attacks. (AC +1, EV +1)
((You are camouflaged when in or above water. (Stealth+)))
You have tentacles for arms and can constrict up to eight enemies at once.


Message History

Found a stone staircase leading down.
A wight comes into view. It is wielding a +0 halberd.
Found a scroll labelled APTEIJINEZ.
The helpless iguana fails to defend itself.
You bludgeon the iguana! You grab the iguana.
The iguana is heavily wounded.
You constrict the iguana, but do no damage.
You tentacle-slap the iguana but do no damage.
You squeeze the iguana!
You kill the iguana!
The quokka closely misses you.
You closely miss the quokka. You grab the quokka. You tentacle-slap the quokka.
You kill the quokka!
A hound and a wight come into view.
You see here an iguana corpse.
The hound barks!
You hear an angry growl.
The wight closely misses you.
Found a robe.
A wight comes into view. It is wielding a +4 spear of freezing.
The wight misses you.
You tentacle-slap the wight. You grab the wight.
The wight is moderately damaged.
You constrict the wight, but do no damage.
The hound bites you but does no damage.
A wight comes into view.
It is wielding a +1 dagger of flaming and wearing a +2 robe of willpower.
The wight misses you. The hound closely misses you.
You release your grip on the wight.
The wight hits you from afar with a +0 halberd!!
You feel drained. The hound attacks as you move away!
The hound closely misses you. The hound bites you. The hound barely misses you.
The hound barely misses you. The hound attacks as you move away!
The hound closely misses you. The hound misses you.
There is a stone staircase leading up here.
The wight hits you from afar with a +0 halberd!
* * * LOW HITPOINT WARNING * * *
You feel drained.
You die...

#>...>....z....
#........z....#
#.............
##.††..#..##..
###...#....#
#.#...#......
####.z.z.....#...
#....h.......# ..
#+#..h......... .
#.........##.
##.##.#..... ..
####.... +.# ..#.
## .# #


You could see a hound and 3 wights.

Vanquished Creatures
  Menkaure (D:4)
  A jelly (D:4)
  A sleepcap (D:4)
  2 iguanas
  8 adders
  A worm (D:3)
  3 dart slugs
  10 endoplasms
  4 giant cockroaches
  3 goblins
  10 hobgoblins
  10 jackals
  7 kobolds
  5 quokkas
  7 ball pythons
  7 bats
  4 frilled lizards
  4 rats
  A spectral hobgoblin (D:3)
89 creatures vanquished.

Notes
Turn   | Place    | Note
-------+----------+-------------------------------------------
     0 | D:1      | LeprechaunX the Octopode Shapeshifter began the quest for
                  | the Orb.
     0 | D:1      | Reached XP level 1. HP: 13/13 MP: 1/1
   104 | D:1      | Reached XP level 2. HP: 7/18 MP: 2/2
   429 | D:1      | Reached XP level 3. HP: 20/23 MP: 3/3
   839 | D:2      | Found Yneaterph's Jewellery Boutique.
  1300 | D:2      | Reached XP level 4. HP: 29/29 MP: 4/4
  1796 | D:3      | Reached skill level 4 in Unarmed Combat
  1950 | D:3      | Reached XP level 5. HP: 31/34 MP: 5/5
  2033 | D:3      | Found a glowing silver altar of Zin.
  2253 | D:3      | Found a hazy altar of Hepliaklqana.
  2274 | D:3      | Became a worshipper of Hepliaklqana the Forgotten
  2724 | D:4      | Reached XP level 6. HP: 28/41 MP: 6/6
  3006 | D:4      | Noticed Menkaure
  3009 | D:4      | Killed Menkaure
  3010 | D:4      | Reached skill level 5 in Unarmed Combat
  3138 | D:5      | Entered Level 5 of the Dungeon
  3156 | D:5      | HP: 1/39 [wight/+0 halberd (15)]
  3156 | D:5      | Slain by a wight

Illustrated notes

Levels and vault maps discovered:
D:1:      lightli_arrival_maybe_door_vault, layout_loops_cross
D:2:      layout_loops_cross, serial_glass, glass_columns_c, glass_columns_a,
          item_on_display_a, feat_on_display, serial_shops, shop,
          nicolae_elevator_lobby_plus
D:3:      layout_basic, nicolae_hepliaklqana_monster_ancestors, zin_statuary,
          skrybe_limestone_x, nicolae_houndstooth_variations
D:4:      layout_rooms, uniq_menkaure
D:5:      layout_layer_cave, nicolae_sif_muna_condensation,
          mainiacjoe_overflow_six_doors_small,
          nicolae_overflow_hallway_of_the_gods

Skill      XL: |  1  2  3  4  5  6 |
---------------+-------------------+-----
Fighting       | 2 3 |  3.1
Unarmed Combat | 4 5 |  5.2
Dodging        | 3 |  3.4
Shapeshifting  | |  3.9

Action                     |  1- 3 |  4- 6 || total
---------------------------+-------+-------++-------
  Melee: Unarmed           |    69 |    83 ||   152
         Constrict         |    15 |    22 ||    37
         Tentacles         |     9 |    17 ||    26
         Punch             |     2 |     2 ||     4
   Stab: Sleeping          |    10 |     8 ||    18
 Armour: Skin              |     7 |     6 ||    13
  Dodge: Dodged            |    36 |    59 ||    95

Table legend: (Time is in decaauts)
 A = Elapsed time spent in this place.
 B = Non-inter-level travel time spent in this place.
 C = Inter-level travel time spent in this place.
 D = Time resting spent in this place.
 E = Time spent auto-exploring this place.
 F = Levels seen in this place.
 G = Mean time per level.
                   A        B        C        D        E       F      G
               +--------+--------+--------+--------+--------+-----+--------+
         Total |   3143 |   2976 |    167 |     83 |   2401 |   5 |  628.6 |
       Dungeon |   3143 |   2976 |    167 |     83 |   2401 |   5 |  628.6 |
               +--------+--------+--------+--------+--------+-----+--------+

Top non-repeatable levels by time:
     D:3: 1012 daAuts
     D:1: 784 daAuts
     D:2: 743 daAuts
     D:4: 585 daAuts
     D:5: 17 daAuts
